 Dungeon Crawl Stone Soup version 0.17.0-26-gececa24 (webtiles) character file.

25 homeworkjunkie the Sneak (level 2, -1/15 HPs)
             Began as a Spriggan Assassin on Nov 19, 2015.
             Slain by an orc
             ... wielding a +0 hand axe
              (6 damage)
             ... on level 2 of the Dungeon.
             The game lasted 00:02:45 (1195 turns).

homeworkjunkie the Sneak (Spriggan Assassin)        Turns: 1195, Time: 00:02:45

Health: -1/15      AC:  3    Str:  7    XL:     2   Next: 82%
Magic:  3/3        EV: 17    Int: 12    God:
Gold:   88         SH:  0    Dex: 17    Spells: 0 memorised, 1 level left

rFire  . . .     SeeInvis +     a - +0 rapier (drain)
rCold  . . .     Clarity  .     c - +0 robe
rNeg   . . .     SustAt   .     (shield restricted)
rPois  .         Gourm    .     (helmet restricted)
rElec  .         Spirit   .     d - +0 cloak
rCorr  .         Warding  .     (gloves unavailable)
rMut   .         Stasis   .     (boots unavailable)
MR     +....                    (no amulet)
Stlth  ++++......               (no ring)
                                r - ring of protection from magic

@: very quick, somewhat resistant to hostile enchantments, stealthy
A: unfitting armour, see invisible, herbivore 3, speed 3, slow metabolism 2
a: no special abilities


You were on level 2 of the Dungeon.
You were not hungry.

You visited 1 branch of the dungeon, and saw 3 of its levels.

You collected 88 gold pieces.

Inventory:

Hand Weapons
 a - a +0 rapier of draining (weapon)
 b - a +0 blowgun
 o - a +0 hunting sling
Missiles
 e - 23 poisoned needles
 f - 2 curare-tipped needles
 j - 2 needles of paralysis
Armour
 c - a +0 robe (worn)
 d - a +0 cloak (worn)
Jewellery
 r - a ring of protection from magic (left hand)
Scrolls
 h - a scroll of enchant weapon
 l - 2 scrolls of teleportation
Potions
 m - a potion of might {unknown}
 n - a potion of mutation {unknown}
 p - a potion of flight {unknown}
 q - a potion of cancellation {unknown}
 s - a potion of curing {unknown}
Comestibles
 g - 2 bread rations
 i - a royal jelly


   Skills:
 * Level 1.8 Fighting
 * Level 2.3 Short Blades
 * Level 2.1 Throwing
 * Level 1.5 Dodging
 * Level 6.8 Stealth


You had one spell level left.
You didn't know any spells.

Dungeon Overview and Level Annotations

Branches:
Dungeon (3/15)

Altars:
Cheibriados
Makhleb
Trog


Innate Abilities, Weirdness & Mutations

You are tiny and cannot use many weapons and most armour.
You have supernaturally acute eyesight.
You are a herbivore.
You cover ground extremely quickly.
You need consume almost no food.


Message History

The orc is lightly wounded.
The orc barely misses you.
You closely miss the orc.
The orc is lightly wounded.
The orc completely misses you.
You hit the orc but do no damage.
The orc is lightly wounded.
The orc hits you but does no damage.
You closely miss the orc.
The orc is lightly wounded.
The orc closely misses you.
You hit the orc but do no damage. You drain the orc!
The orc is heavily wounded.
The orc hits you but does no damage.
You hit the orc but do no damage.
The orc is heavily wounded.
You hit the orc but do no damage.
The orc is heavily wounded.
The orc hits you with a hand axe.
You die...

##....# ##.#.......#
...#### #.........# ##.#
##........# ##.#
#.......<# #..#
#..##....# #.##
#.>###'#.# ..#
##)###.#.# ..# #o#..(.[#
..# #@#....## ..#######
#.#....# ..#.....#
#.#....# ..#.....#
#.#....# ........#
#.#....#
###.....########.#....##
# #...........<#.#.#...#
# #.....########)#)###.#
#.....# #)#...#.# ######


You could see an orc.

Vanquished Creatures
  3 orcs
  6 bats
  A goblin (D:1)
  2 hobgoblins (D:2)
  6 kobolds
  2 giant newts (D:2)
  A rat (D:1)
21 creatures vanquished.

Notes
Turn   | Place    | Note
--------------------------------------------------------------
     0 | D:1      | homeworkjunkie the Spriggan Assassin began the quest for the Orb.
     0 | D:1      | Reached XP level 1. HP: 10/10 MP: 2/2
    41 | D:1      | Reached skill level 6 in Stealth
   199 | D:1      | Reached XP level 2. HP: 12/15 MP: 3/3
   608 | D:2      | Found a bloodstained altar of Trog.
   638 | D:2      | Found a burning altar of Makhleb.
   694 | D:2      | Found a snail-covered altar of Cheibriados.
  1195 | D:2      | Slain by an orc

Action                   || total
-------------------------++-------
Melee: Dagger            ||    35
       Rapier            ||    15
 Fire: Blowgun           ||     5
  Use: Scroll            ||     4
       Potion            ||     1
 Stab: Sleeping          ||     7
